 Dungeon Crawl Stone Soup version 0.20.0-10-g0535bb4 (webtiles) character file.

12741 mopl the Markscentaur (level 11, -3/82 HPs)
             Began as a Centaur Hunter on June 3, 2017.
             Was a High Priest of Okawaru.
             Shot with an arrow by a centaur (10 damage)
             ... on level 11 of the Dungeon.
             The game lasted 00:29:26 (12333 turns).

mopl the Markscentaur (Centaur Hunter)             Turns: 12333, Time: 00:29:27

Health: -3/82      AC: 15    Str: 15    XL:     11   Next: 66%
Magic:  18/18      EV:  8    Int: 10    God:    Okawaru [*****.]
Gold:   417        SH:  0    Dex: 16    Spells: 10/10 levels left

rFire    . . .     SeeInvis .   a - +1 shortbow
rCold    . . .     Gourm    .   (shield currently unavailable)
rNeg     + . .     Faith    .   l - +3 ring mail
rPois    .         Spirit   .   g - +0 helmet
rElec    .         Reflect  .   j - scarf {cloud immunity}
rCorr    .         Harm     .   M - +0 pair of gloves
MR       .....                  U - +0 centaur barding {Fly}
Stlth    +.........             A - amulet of regeneration
Regen    0.7/turn               y - ring of positive energy
MPRegen  0.2/turn               B - +3 ring of dexterity

@: flying, very quick
A: hooves 3, deformed body, speed 2, tough skin 3
a: Heroism, Finesse, Renounce Religion, Stop Flying


You were on level 11 of the Dungeon.
You worshipped Okawaru.
Okawaru was extremely pleased with you.
You were not hungry.

You visited 2 branches of the dungeon, and saw 12 of its levels.
You also visited: Sewer.

You collected 678 gold pieces.
You spent 261 gold pieces at shops.

Inventory:

Hand Weapons
 a - a +1 shortbow (weapon)
 b - a +0 trident
 N - a +0 glaive
Missiles
 d - 141 arrows (quivered)
Armour
 g - a +0 helmet (worn)
 j - a scarf of cloud immunity (worn)
 l - a +3 ring mail (worn)
 M - a +0 pair of gloves (worn)
 S - a +2 ring mail of fire resistance
 U - a +0 centaur barding of flying (worn)
Jewellery
 y - a ring of positive energy (left hand)
 A - an amulet of regeneration (around neck)
 B - a +3 ring of dexterity (right hand)
 O - an uncursed ring of fire
Wands
 x - a wand of clouds (7/9)
 E - a wand of polymorph (12/24)
 H - a wand of iceblast (9/15)
 R - a wand of enslavement (13/24)
Scrolls
 c - 2 scrolls of recharging
 h - 5 scrolls of teleportation
 i - 4 scrolls of enchant armour {unknown}
 k - a scroll of enchant weapon {unknown}
 p - 4 scrolls of remove curse
 r - 3 scrolls of magic mapping {unknown}
 s - 3 scrolls of immolation {unknown}
 w - 6 scrolls of fear {unknown}
 G - a scroll of noise {unknown}
 I - a scroll of silence {unknown}
 K - 2 scrolls of fog {unknown}
 L - a scroll of vulnerability {unknown}
 Q - a scroll of holy word {unknown}
 V - a scroll of amnesia {unknown}
 W - a scroll of identify
 Y - a scroll of torment {unknown}
 Z - a scroll of summoning {unknown}
Potions
 e - a potion of mutation {!q}
 m - 7 potions of curing
 o - a potion of berserk rage {!q}
 t - 2 potions of agility
 z - 2 potions of cancellation
 D - 3 potions of might
 J - 4 potions of magic
 P - a potion of resistance
 T - 3 potions of flight
Books
 C - a book of Geomancy

   Spells                             Type                      Level
   a - Sandblast                      Earth                        1
   b - Passwall                       Transmutation/Earth          2
   c - Stone Arrow                    Conjuration/Earth            3
   d - Petrify                        Transmutation/Earth          4
   e - Lee's Rapid Deconstruction     Earth                        5
Miscellaneous
 u - a box of beasts
Comestibles
 f - 7 bread rations
 n - 4 fruits
 v - 19 royal jellies
 F - 3 meat rations


   Skills:
 + Level 3.4 Fighting
 + Level 15.4 Bows
 + Level 2.2 Armour
 + Level 3.1 Dodging
 - Level 0.4 Stealth
 + Level 10.1 Invocations
 + Level 8.9 Evocations


You had 10 spell levels left.
You didn't know any spells.

Dungeon Overview and Level Annotations

Branches:
Dungeon (11/15)            Temple (1/1) D:4            Lair (0/6) D:8
    Orc: D:9-12

Altars:
Ashenzari
Cheibriados
Dithmenos
Elyvilon
Gozag
Hepliaklqana
Kikubaaqudgha
Makhleb
Okawaru
Sif Muna
Trog
Uskayaw
Vehumet
Yredelemnul
Zin

Shops:
D:5 *   D:7 *


Innate Abilities, Weirdness & Mutations

You have hooves in place of feet.
Armour fits poorly on your strangely shaped body.
You cover ground very quickly.
You have extremely tough skin. (AC +3)


Message History

You are too injured to fight recklessly!
Unknown command.
The centaur shoots an arrow.
The arrow hits you!
The centaur shoots an arrow.
The arrow hits you!
* * * LOW HITPOINT WARNING * * *
The arrow freezes you.
* * * LOW HITPOINT WARNING * * *
You see here 3 arrows.
The centaur shoots an arrow.
The arrow hits you!
* * * LOW HITPOINT WARNING * * *
You see here an arrow.
You feel much better.
The centaur shoots an arrow.
The arrow hits you but does no damage.
The centaur shoots an arrow.
The arrow completely misses you.
The centaur shoots an arrow.
The arrow hits you!
* * * LOW HITPOINT WARNING * * *
The arrow freezes you.
* * * LOW HITPOINT WARNING * * *
The centaur shoots an arrow.
The arrow hits you!
You die...

#.....(.....###(#
#....cc###### #(# #......#
#(# # #......# #....u≈≈#
#......# #.#...(.(###
#......# #.##.......##
#......# #............
#....()########.##........
#....(.)(c..((@(#.......≈#
######.c........##.....≈≈
#(..........##....≈##
#............##.....##
#..........#.####.)..#
#################.#####..##
.....|..# #.##....#######
........# #.....###.).)..
........# #.......÷[####.


You could see 2 centaurs.

Vanquished Creatures
  2 two-headed ogres
  Pikel (D:3)
  2 ugly things (D:11)
  A komodo dragon (D:8)
  A queen bee (D:10)
  2 trolls
  Prince Ribbit (D:5)
  Grinder (D:5)
  3 hippogriffs
  A shadow (D:8)
  6 yaks (D:11)
  The ghost of skittles the Firebug, an amateur DrFE (D:3)
  2 hungry ghosts (D:10)
  Grum (D:8)
  3 orc warriors
  A slave (D:4)
  A phantom (D:8)
  11 ogres
  3 sky beasts
  4 ice beasts
  2 wolves (D:8)
  7 centaurs
  A crocodile (D:7)
  A big kobold (D:8)
  Blork the orc (D:6)
  3 bullfrogs
  27 killer bees
  3 scorpions
  10 wights
  4 howler monkeys
  4 crimson imps
  A bullfrog zombie (D:10)
  3 centaur zombies
  5 jellies
  3 hounds
  5 orc priests
  Ijyb (D:3)
  4 bullfrog skeletons
  4 iguanas
  Natasha (D:4)
  5 orc wizards
  10 worker ants
  A worker ant zombie (D:5)
  A gnoll (D:8)
  17 adders
  A howler monkey skeleton (D:9)
  2 river rats (D:5)
  2 shadow imps
  2 oozes
  An adder zombie (D:8)
  6 worms
  3 dart slugs
  7 leopard geckos
  24 orcs
  7 ball pythons
  6 bats
  9 giant cockroaches
  3 hobgoblins
  15 jackals
  14 kobolds
  5 quokkas
  8 frilled lizards
  8 goblins
  9 rats
  A fungus (D:4)
  4 plants (Sewer)
309 creatures vanquished.

Vanquished Creatures (others)
  A frilled lizard (D:4)
  2 plants (D:8)
3 creatures vanquished.

Grand Total: 312 creatures vanquished

Notes
Turn   | Place    | Note
-------+----------+-------------------------------------------
     0 | D:1      | mopl the Centaur Hunter began the quest for the Orb.
     0 | D:1      | Reached XP level 1. HP: 17/17 MP: 1/1
    95 | D:1      | Reached XP level 2. HP: 19/24 MP: 2/2
   164 | D:1      | Reached skill level 6 in Bows
   784 | D:2      | Reached XP level 3. HP: 21/29 MP: 3/3
   846 | D:2      | Reached skill level 7 in Bows
  1088 | D:2      | Found a burning altar of Makhleb.
  1261 | D:2      | Reached XP level 4. HP: 27/36 MP: 4/4
  1792 | D:3      | Noticed skittles's ghost (amateur DrFE)
  1829 | D:3      | Noticed Ijyb
  1887 | D:3      | Killed skittles's ghost
  1887 | D:3      | Reached skill level 9 in Bows
  1887 | D:3      | Reached XP level 5. HP: 15/41 MP: 5/5
  2412 | D:3      | Reached XP level 6. HP: 34/48 MP: 6/6
  2557 | D:3      | Killed Ijyb
  2982 | D:4      | Reached skill level 10 in Bows
  3002 | D:4      | Noticed a slave
  3030 | D:4      | Killed a slave
  3035 | D:4      | Noticed a slave
  3043 | D:4      | Noticed Pikel
  3109 | D:3      | Killed Pikel
  3109 | D:3      | Reached skill level 11 in Bows
  3109 | D:3      | Reached skill level 3 in Evocations
  3109 | D:3      | Reached XP level 7. HP: 46/55 MP: 6/9
  3283 | D:4      | Found a staircase to the Ecumenical Temple.
  3343 | Temple   | Entered the Ecumenical Temple
  3358 | Temple   | Became a worshipper of Warmaster Okawaru
  3669 | D:4      | Found a shadowy altar of Dithmenos.
  3732 | D:4      | Found a glowing silver altar of Zin.
  3732 | D:4      | Found a bloodstained altar of Trog.
  3796 | D:4      | Noticed Natasha
  3805 | D:4      | Reached skill level 1 in Invocations
  3811 | D:4      | Killed Natasha
  4133 | D:5      | Entered Level 5 of the Dungeon
  4137 | D:5      | Found Cufotten's General Store.
  4143 | D:5      | Bought a scroll of remove curse for 33 gold pieces
  4143 | D:5      | Bought a scroll of identify for 22 gold pieces
  4143 | D:5      | Bought a scroll of identify for 22 gold pieces
  4143 | D:5      | Bought 2 potions of curing for 66 gold pieces
  4165 | D:5      | Reached XP level 8. HP: 61/61 MP: 10/10
  4233 | D:5      | Reached skill level 2 in Invocations
  4438 | D:5      | Reached * piety under Okawaru
  4506 | D:5      | Reached skill level 4 in Evocations
  4526 | D:5      | Found a glowing drain.
  4561 | Sewer    | Entered a sewer
  5352 | D:5      | Reached skill level 3 in Invocations
  5431 | D:5      | Noticed Prince Ribbit
  5467 | D:5      | Killed Prince Ribbit
  5467 | D:5      | Reached skill level 12 in Bows
  5667 | D:5      | Reached skill level 4 in Invocations
  5786 | D:5      | Noticed Grinder
  5795 | D:5      | Killed Grinder
  5795 | D:5      | Reached ** piety under Okawaru
  5795 | D:5      | Reached skill level 5 in Evocations
  5995 | D:6      | Reached XP level 9. HP: 57/67 MP: 12/12
  6067 | D:6      | Noticed Blork the orc
  6082 | D:6      | Killed Blork the orc
  6107 | D:6      | Reached skill level 5 in Invocations
  6747 | D:7      | Reached skill level 13 in Bows
  7048 | D:7      | Found Onlopus's Assorted Antiques.
  7135 | D:7      | Bought 2 puce potions for 32 gold pieces
  7135 | D:7      | Bought a scroll labeled WONUZXAPLI for 18 gold pieces
  7135 | D:7      | Bought a scroll labeled VARIAS JIEZIT for 18 gold pieces
  7135 | D:7      | Bought 2 puce potions for 32 gold pieces
  7135 | D:7      | Bought a scroll labeled KEDYREY KELANN for 18 gold pieces
  7203 | D:7      | Reached skill level 6 in Evocations
  7247 | D:7      | Reached skill level 6 in Invocations
  7516 | D:7      | Reached *** piety under Okawaru
  7783 | D:8      | Noticed a two-headed ogre
  7817 | D:7      | Killed a two-headed ogre
  7817 | D:7      | Reached skill level 7 in Invocations
  7935 | D:8      | Reached XP level 10. HP: 73/73 MP: 15/15
  7946 | D:8      | Found a runed door.
  8061 | D:8      | Reached skill level 14 in Bows
  8088 | D:8      | Received a gift from Okawaru
  8181 | D:8      | Reached skill level 7 in Evocations
  8265 | D:8      | Found a runed door.
  8436 | D:8      | Reached **** piety under Okawaru
  8489 | D:8      | Noticed Grum
  8523 | D:8      | Killed Grum
  8523 | D:8      | Reached skill level 8 in Invocations
  8824 | D:8      | Found a staircase to the Lair.
  9263 | D:9      | Received a gift from Okawaru
  9337 | D:9      | Found a snail-covered altar of Cheibriados.
  9552 | D:9      | Noticed a hand axe
  9553 | D:9      | Noticed a dagger
  9556 | D:9      | Found a hide-covered altar of Uskayaw.
  9856 | D:9      | Reached skill level 8 in Evocations
 10106 | D:10     | Entered Level 10 of the Dungeon
 10173 | D:10     | Noticed a two-headed ogre
 10218 | D:10     | Killed a two-headed ogre
 10218 | D:10     | Received a gift from Okawaru
 10218 | D:10     | Reached skill level 15 in Bows
 10218 | D:10     | Reached skill level 9 in Invocations
 10433 | D:10     | Reached XP level 11. HP: 65/79 MP: 17/17
 10574 | D:10     | Reached ***** piety under Okawaru
 10574 | D:10     | Reached skill level 2 in Dodging
 10587 | D:10     | Reached skill level 1 in Armour
 10738 | D:10     | Received a gift from Okawaru
 10885 | D:10     | Got a crystal broad axe
 11560 | D:11     | Identified the +3 broad axe of Jiob Vaa {protect, +Inv rN++ Dex-4} (You found it on level 10 of the Dungeon)
 11642 | D:11     | Reached skill level 3 in Fighting
 11858 | D:11     | Reached skill level 3 in Dodging
 12080 | D:11     | Noticed a white ugly thing
 12158 | D:11     | Killed a white ugly thing
 12158 | D:11     | Reached skill level 2 in Armour
 12158 | D:11     | Reached skill level 10 in Invocations
 12187 | D:11     | Noticed a red ugly thing
 12233 | D:11     | Killed a red ugly thing
 12332 | D:11     | HP: 2/82 [centaur/arrow (13)]
 12333 | D:11     | Shot with an arrow by a centaur

Skill      XL: |  1  2  3  4  5  6  7  8  9 10 11 |
---------------+----------------------------------+-----
Bows           | 6 7 9 11 12 13 15 | 15.4
Evocations     | 3 5 6 8 |  8.9
Invocations    | 1 4 7 9 10 | 10.1
Dodging        | 3 |  3.1
Armour         | 2 |  2.2
Fighting       | 3 |  3.4
Stealth        | |  0.4

Action                   |  1- 3 |  4- 6 |  7- 9 | 10-12 || total
-------------------------+-------+-------+-------+-------++-------
Melee: Short sword       |   104 |    18 |       |       ||   122
       Kick              |    16 |    49 |   222 |    64 ||   351
       Spear             |       |   241 |   553 |       ||   794
       Trident           |       |       |    57 |   152 ||   209
       Shortbow          |       |       |       |     2 ||     2
       Punch             |       |       |       |     1 ||     1
 Fire: Shortbow          |    21 |    61 |   299 |   679 ||  1060
Invok: Heroism           |       |       |     5 |    14 ||    19
Evoke: Wand              |       |       |       |     2 ||     2
  Use: Scroll            |       |     1 |     9 |     5 ||    15
       Potion            |       |       |       |     1 ||     1
  Eat: Chunk             |       |     6 |    14 |    10 ||    30
Armor: Leather armour    |    10 |       |       |       ||    10
       Ring mail         |    58 |   146 |   265 |   192 ||   661
Dodge: Dodged            |    69 |   120 |   177 |   141 ||   507
